Workbook

Sheet Data
A1: Forecast | C1: (Run the I&E Profile Report in Budgets and add the Forecasted Balance figure to the previous month's bank balance)
C2: (Actual) | Q2: Add accrued NIC grant for Apr-Aug from October onwards | R2: Accruals to deduct | S2: Add other Accrued Income
C3: 45900 | D3: =C3+30 -> 45930 | E3: =D3+31 -> 45961 | F3: =E3+30 -> 45991 | G3: =F3+31 -> 46022 | H3: =G3+31 -> 46053 | I3: =H3+28 -> 46081 | J3: =I3+31 -> 46112 | K3: =J3+30 -> 46142 | L3: =K3+31 -> 46173 | M3: =L3+30 -> 46203 | N3: =M3+31 -> 46234 | O3: =N3+31 -> 46265 | S3: Sep | T3: Oct | U3: Nov | V3: Dec | W3: Jan | X3: Feb
A4: Fernvale | B4: Forecast £ | C4: 145252.27 | D4: =C4+173099-186320.98+4093-10647.66 -> 125475.63 | E4: =D4+169273.7-187045.15+13708 -> 121412.18 | F4: =E4+180049.59-172367.06 -> 129094.71 | G4: =F4+150336.2-165610.82 -> 113820.09 | H4: =G4+172845.95-173611.86 -> 113054.18 | I4: =H4+150636.2-164628.42 -> 99061.96 | J4: =I4+159908.45-177769.79 -> 81200.62 | K4: =J4+166892.2-168830.31 -> 79262.51 | L4: =K4+182899.06-171736.23 -> 90425.34 | M4: =L4+152717.7-164768.12 -> 78374.92 | N4: =M4+231772.7-164694.33 -> 145453.29 | O4: =N4+147712.2-153233.91 -> 139931.58 | Q4: 13708 | R4: 10647.66 | S4: 4093
A5: Glenmere | B5: Forecast £ | C5: 103973.21 | D5: =C5+111825.98-123722.14+9891.7-10923.7 -> 91045.05 | E5: =D5+107192.52-110466.93+8484 -> 96254.64 | F5: =E5+119180.14-108571.77 -> 106863.01 | G5: =F5+96752.13-106996.6 -> 96618.54 | H5: =G5+110447.74-108556.72 -> 98509.56 | I5: =H5+96752.13-105515.63 -> 89746.06 | J5: =I5+103649.09-121099.88 -> 72295.27 | K5: =J5+105855.64-109655.25 -> 68495.66 | L5: =K5+119365.9-104092.03 -> 83769.53 | M5: =L5+108962.97-114059.84 -> 78672.66 | N5: =M5+145103.54-103582.68 -> 120193.52 | O5: =N5+89404.77-99529.7 -> 110068.59 | Q5: 8484 | R5: 10923.7 | S5: 9891.7
A6: Hinckley Parks | B6: Forecast £ | C6: 216687.21 | D6: =C6+285760.89-300094.7-11811 -> 190542.4 | E6: =D6+318445.38-361289.76+21947 -> 169645.02 | F6: =E6+288428.4-283814.4 -> 174259.02 | G6: =F6+251878.3-274773.68 -> 151363.64 | H6: =G6+292151.71-305504.23 -> 138011.12 | I6: =H6+246577.88-270922.82 -> 113666.18 | J6: =I6+264179.22-295719.33 -> 82126.07 | K6: =J6+304566.36-278176.62 -> 108515.81 | L6: =K6+274868.91-266421.15 -> 116963.57 | M6: =L6+260784.58-268679.08 -> 109069.07 | N6: =M6+371292.17-272008.13 -> 208353.11 | O6: =N6+231131.07-244048.8 -> 195435.38 | Q6: 21947 | R6: 11811 | S6: 0
A7: Hollycroft | B7: Forecast £ | C7: 123921.84 | D7: =C7+52329.69-67993.71-2793 -> 105464.82 | E7: =D7+53594.4-56245.72 -> 102813.5 | F7: =E7+65180.92-63088.13 -> 104906.29 | G7: =F7+55865.71-61631.55 -> 99140.45 | H7: =G7+60330.99-62530.33 -> 96941.11 | I7: =H7+67040.51-57043.2 -> 106938.42 | J7: =I7+70785.69-69900.62 -> 107823.49 | K7: =J7+53778.99-59687.91 -> 101914.57 | L7: =K7+67792.93-58245.65 -> 111461.85 | M7: =L7+62562.67-78338.74 -> 95685.78 | N7: =M7+94252.48-56645.86 -> 133292.4 | O7: =N7+44115.65-51400.97 -> 126007.08 | Q7: 0 | R7: 2793 | S7: 0
A8: Langmoor | B8: Forecast £ | C8: 213054.12 | D8: =C8+116033.46-122562.12+5926.9-10753.9 -> 201698.46 | E8: =D8+116863.43-119170.42+9230 -> 208621.47 | F8: =E8+122518.04-122501.12 -> 208638.39 | G8: =F8+101344.93-110942.84 -> 199040.48 | H8: =G8+123387.73-112896.74 -> 209531.47 | I8: =H8+99440.93-109964.05 -> 199008.35 | J8: =I8+106572.4-123824.46 -> 181756.29 | K8: =J8+116658.28-109153.62 -> 189260.95 | L8: =K8+123461.41-121714.76 -> 191007.6 | M8: =L8+107458.31-111927.09 -> 186538.82 | N8: =M8+149134.43-110761.26 -> 224911.99 | O8: =N8+93287.41-106733.99 -> 211465.41 | Q8: 9230 | R8: 10753.9 | S8: 5926.9
A9: Little Hill | B9: Forecast £ | C9: 83575.48 | D9: =C9+239679.72-250049.65-257738.5+117496.5+120000 -> 52963.55 | E9: =D9+209814.39-210778.94+16194+136570.26-120000 -> 84763.26 | F9: =E9+220693.26-219960.88+76.14 -> 85571.78 | G9: =F9+193562.96-214935.6 -> 64199.14 | H9: =G9+223948.32-220428.73 -> 67718.73 | I9: =H9+183673.14-207166.56+37122.83 -> 81348.14 | J9: =I9+209114.18-236720.87 -> 53741.45 | K9: =J9+211394.7-202977.51 -> 62158.64 | L9: =K9+222926.92-219606.55 -> 65479.01 | M9: =L9+189681.41-218658.56 -> 36501.86 | N9: =M9+293545.07-205456.54 -> 124590.39 | O9: =N9+167346.13-182029.27 -> 109907.25 | Q9: 16194 | R9: 257738.5 | S9: =14380.5+103116 -> 117496.5 | T9: =223116-86545.74 -> 136570.26 | U9: =17036-16959.86 -> 76.14 | V9: 0 | W9: 0 | X9: =128894-45255.01-46516.16 -> 37122.83 | Y9: 103116 | Z9: 103116
A10: New Lubb | B10: Forecast £ | C10: 301734.35 | D10: =C10+240371.11-236372.32-11025 -> 294708.14 | E10: =D10+215475.42-217848.11+15496 -> 307831.45 | F10: =E10+231452.18-232062.23 -> 307221.4 | G10: =F10+195520.67-213755.13 -> 288986.94 | H10: =G10+223134.93-227074.68 -> 285047.19 | I10: =H10+195770.67-215967.74 -> 264850.12 | J10: =I10+217890.54-256358.05 -> 226382.61 | K10: =J10+210369.08-212070.59 -> 224681.1 | L10: =K10+215742.67-229748.57 -> 210675.2 | M10: =L10+213019.01-221420.46 -> 202273.75 | N10: =M10+290475.42-219182.14 -> 273567.03 | O10: =N10+235095.31-196650.04 -> 312012.3 | Q10: 15496 | R10: 11025 | S10: 0
A11: Newlands | B11: Forecast £ | C11: 298550.97 | D11: =C11+176001.13-184891.16-19279+11614 -> 281995.94 | E11: =D11+182802.68-169407.47+13440 -> 308831.15 | F11: =E11+182519.28-171317.36+12010.29 -> 332043.36 | G11: =F11+153228.72-174360.7-106404.34 -> 204507.04 | H11: =G11+190302.7-177493.49-72132.25 -> 145184 | I11: =H11+149685.18-170148.86+36134 -> 160854.32 | J11: =I11+166325.93-184588.25 -> 142592 | K11: =J11+190799.89-191579.89 -> 141812 | L11: =K11+182247.81-163695.3 -> 160364.51 | M11: =L11+153904.52-170648.91 -> 143620.12 | N11: =M11+232807.14-171187.59 -> 205239.67 | O11: =N11+132807.82-148707.3 -> 189340.19 | Q11: 13440 | R11: 19279 | S11: =11614 -> 11614 | U11: =31883-19872.71 -> 12010.29 | V11: -106404.34 | W11: -72132.25 | X11: 36134
A12: Ravenhurst | B12: Forecast £ | C12: 225347.17 | D12: =C12+201126.85-197966.36-40146.35+70870.26 -> 259231.57 | E12: =D12+201291.84-195015.1+15323-20930.7 -> 259900.61 | F12: =E12+240604.65-200594.82+8049.32 -> 307959.76 | G12: =F12+181928.37-194190.02-96068.27 -> 199629.84 | H12: =G12+206030.62-221893.46-109680.64 -> 74086.36 | I12: =H12+175092.34-218710.57+71968 -> 102436.13 | J12: =I12+196953.08-218665.99 -> 80723.22 | K12: =J12+226264.64-213945.95 -> 93041.91 | L12: =K12+195249.09-212811.89 -> 75479.11 | M12: =L12+186643.71-200475.05 -> 61647.77 | N12: =M12+274298.33-198852.98 -> 137093.12 | O12: =N12+163142.34-193049.96 -> 107185.5 | Q12: 15323 | R12: 40146.35 | S12: =13296.26+57574 -> 70870.26 | T12: =57574-78504.7 -> -20930.7 | U12: =97556-89506.68 -> 8049.32 | V12: -96068.27 | W12: -109680.64 | X12: 71968
A13: OWLS | B13: Forecast £ | C13: 495046.09 | D13: =C13+97990.19-37500-36055.95+37500-80173-20000-120000 -> 336807.33 | E13: =D13+97095.01-37500-125104.91+37500+20000+120000 -> 448797.43 | F13: =E13+97990.13-37500-120399.26+37500 -> 426388.3 | G13: =F13+97095.01-37500-93140.1+30500 -> 423343.21 | H13: =G13+60990.13-85408.49-30500 -> 368424.85 | I13: =H13+59595.01-44800.16-37500 -> 345719.7 | J13: =I13+60484.77-44633.21-37500 -> 324071.26 | K13: =J13+59595.01-47572.28-37500 -> 298593.99 | L13: =K13+72890.13+30000-37640.16 -> 363843.96 | M13: =L13+60484.77-118140.64 -> 306188.09 | N13: =M13+59595.01-45131.81 -> 320651.29 | O13: =N13+59595.01-84751.22+42000 -> 337495.08
A14: TOTAL | B14: Forecast £ | C14: =SUM(C4:C13) -> 2207142.7 | D14: =SUM(D4:D13) -> 1939932.9 | E14: =SUM(E4:E13) -> 2108870.7 | F14: =SUM(F4:F13) -> 2182946 | G14: =SUM(G4:G13) -> 1840649.4 | H14: =SUM(H4:H13) -> 1596508.6 | I14: =SUM(I4:I13) -> 1563629.4 | J14: =SUM(J4:J13) -> 1352712.3 | ... O14: =SUM(O4:O13) -> 1838848.4
D16: 228507.66 | E16: 250107.4 | F16: 290117.23 | G16: 277855.58 | H16: 261992.74 | I16: 218374.51 | J16: 196661.6 | K16: 205980.26 | L16: 188417.46 | M16: 174586.12 | N16: 250031.47 | O16: 220123.85
A18: Actual
C20: =C3 -> 45900 | D20: =D3 -> 45930 | E20: =E3 -> 45961 | F20: =F3 -> 45991 | G20: =G3 -> 46022 | H20: =H3 -> 46053 | I20: =I3 -> 46081 | J20: =J3 -> 46112 | ... O20: =O3 -> 46265
A21: Fernvale | B21: Actual (£) | C21: 145252.27 | D21: 142802.51 | E21: 183941.09 | F21: 207744.62 | G21: 136583.07 | H21: 152482.55 | I21: 151064.13 | J21: 84841.92 | K21: 91434.56 | L21: 73575.1 | M21: 53668.399 | N21: 129522.61 | O21: 70014.11
A22: Glenmere | B22: Actual (£) | C22: 103973.21 | D22: 102458.82 | E22: 108059.51 | F22: 138014.71 | G22: 101545.4 | H22: 115340.51 | I22: 112508.39 | J22: 82473.67 | K22: 82617.6 | L22: 98766.06 | M22: 83855.32 | N22: 116239.61 | O22: 88324.56
A23: Hinckley Parks | B23: Actual (£) | C23: 216687.21 | D23: 209540.64 | E23: 286235.66 | F23: 227845.42 | G23: 202070.48 | H23: 208728.86 | I23: 175307.76 | J23: 106929.32 | K23: 98854.17 | L23: 159664.21 | M23: 120983.52 | N23: 233590.44 | O23: 174140.54
A24: Hollycroft | B24: Actual (£) | C24: 123921.84 | D24: 120282.14 | E24: 112184.85 | F24: 115726.73 | G24: 117926.54 | H24: 129059.9 | I24: 133541.26 | J24: 128833.8 | K24: 181839.17 | L24: 168751.38 | M24: 185664.49 | N24: 179726.67 | O24: 169822.11
A25: Langmoor | B25: Actual (£) | C25: 213054.12 | D25: =120151.54+90930.85 -> 211082.39 | E25: =148331.38+91081.56 -> 239412.94 | F25: =136655.3+91217.9 -> 227873.2 | G25: =125757.27+91310.54 -> 217067.81 | H25: 224766.64 | I25: 216117.28 | J25: 186037 | K25: 190512.16 | L25: 216763.57 | M25: 209406.92 | N25: 250100.6 | O25: 239449.31
A26: Little Hill | B26: Actual (£) | C26: 83575.48 | D26: 89155.87 | E26: =250642.37-120000 -> 130642.37 | F26: =211564.11-120000 -> 91564.11 | G26: =122088.83-120000 -> 2088.83 | H26: 122918.19 | I26: 88244.78 | J26: 59399.9 | K26: 46586.9 | L26: 77483.72 | M26: 74574.15 | N26: 127872.38 | O26: 41630.27
A27: New Lubb | B27: Actual (£) | C27: 301734.35 | D27: =219027.33+61930.14 -> 280957.47 | E27: =404425.49+62088.77 -> 466514.26 | F27: =381076.45+62119.89 -> 443196.34 | G27: =355875.82+62521.43 -> 418397.25 | H27: 429144.12 | I27: 432573.95 | J27: 339052.33 | K27: 357001.49 | L27: 387184.95 | M27: 394045.6 | N27: 302383.78 | O27: 310854.98
A28: Newlands | B28: Actual (£) | C28: 298550.97 | D28: 272634.79 | E28: 335233.6 | F28: 379087.15 | G28: 218579.07 | H28: 166034.67 | I28: 158504.75 | J28: 158747.3 | K28: 189219.87 | L28: 230636.28 | M28: 253785.05 | N28: 295304.72 | O28: 246098.92
A29: Ravenhurst | B29: Actual (£) | C29: 225347.17 | D29: 214026.86 | E29: 197613.44 | F29: 199849.92 | G29: 82770.09 | H29: 69868.99 | I29: 80149.3 | J29: 23936.42 | K29: 50245.65 | L29: -41086.16 | M29: -59095.76 | N29: 112144.34 | O29: 62335.39
A30: OWLS | B30: Actual (£) | C30: 495046.09 | D30: 333754.89 | E30: 463249.29 | F30: =184294.67+120000+64263.35+51572.84-600.06 -> 419530.8 | G30: =120000+191464.56+64696.89+51700.26 -> 427861.71 | H30: 373992.26 | I30: 404826.03 | J30: 288438.97 | K30: 268092.49 | L30: 300724.45 | M30: 298473.57 | N30: 322634.85 | O30: 374034.64
A31: APS | B31: Actual (£) | C31: 0 | D31: 0 | E31: 0 | F31: =51476+600.06 -> 52076.06 | G31: 48087.85 | H31: 48112.86 | I31: 45909.61 | J31: 36527.72 | K31: 36543.23 | L31: 36244.28 | M31: 24608.52 | N31: 24618.63 | O31: 379.42
A32: TOTAL | B32: Actual (£) | C32: =SUM(C21:C31) -> 2207142.7 | D32: =SUM(D21:D31) -> 1976696.4 | E32: =SUM(E21:E31) -> 2523087 | F32: =SUM(F21:F31) -> 2502509.1 | G32: =SUM(G21:G31) -> 1972978.1 | H32: =SUM(H21:H31) -> 2040449.6 | I32: =SUM(I21:I31) -> 1998747.2 | J32: =SUM(J21:J31) -> 1495218.3 | ... O32: =SUM(O21:O31) -> 1777084.2
E33: LH and OWLS corrected for temp loan
A36: Revised Forecast | C36: (Run the I&E Profile Report in Budgets and add the Forecasted Balance figure to the previous month's bank balance)
C37: (Actual)
C38: =C20 -> 45900 | D38: =D20 -> 45930 | E38: =E20 -> 45961 | F38: =F20 -> 45991 | G38: =G20 -> 46022 | H38: =H20 -> 46053 | I38: =I20 -> 46081 | J38: =J20 -> 46112 | ... O38: =O20 -> 46265
A39: Fernvale | B39: Revised Forecast (£) | C39: 145252.27 | D39: 125475.63 | E39: 121412.18 | F39: 129094.71 | G39: 113820.09 | H39: 113054.18 | I39: 99061.96 | J39: =I21+162020.42-185876.12 -> 127208.43 | K39: =J39+168172.97-171927.47 -> 123453.93 | L39: =K39+215069.19-174951.52 -> 163571.6 | M39: =L39+154663.43-171491.58 -> 146743.45 | N39: =M39+233385.95-171108.29 -> 209021.11 | O39: =N39+181143.05-189111.33 -> 201052.83
A40: Glenmere | B40: Revised Forecast (£) | C40: 103973.21 | D40: 91045.05 | E40: 96254.64 | F40: 106863.01 | G40: 96618.54 | H40: 98509.56 | I40: 89746.06 | J40: =I22+108045.75-125756.36 -> 94797.78 | K40: =J40+108430.01-113726.29 -> 89501.5 | L40: =K40+123276.71-108230.26 -> 104547.95 | M40: =L40+113168.38-117909.52 -> 99806.81 | N40: =M40+148743.59-107865.91 -> 140684.49 | O40: =N40+90621.68-103202.3 -> 128103.87
A41: Hinckley Parks | B41: Revised Forecast (£) | C41: 216687.21 | D41: 190542.4 | E41: 169645.02 | F41: 174259.02 | G41: 151363.64 | H41: 138011.12 | I41: 113666.18 | J41: =I23+270069.15-311224.34 -> 134152.57 | K41: =J41+307221.41-282700.26 -> 158673.72 | L41: =K41+280961.78-277584.87 -> 162050.63 | M41: =L41+273636.89-275801.2 -> 159886.32 | N41: =M41+377581.03-278280.92 -> 259186.43 | O41: =N41+231932.48-247370.04 -> 243748.87
A42: Hollycroft | B42: Revised Forecast (£) | C42: 123921.84 | D42: 105464.82 | E42: 102813.5 | F42: 104906.29 | G42: 99140.45 | H42: 96941.11 | I42: 106938.42 | J42: =I24+70785.69-69901.59 -> 134425.36 | K42: =J42+53778.99-59773.77 -> 128430.58 | L42: =K42+67792.93-58331.51 -> 137892 | M42: =L42+62562.67-78424.6 -> 122030.07 | N42: =M42+94252.48-56731.71 -> 159550.84 | O42: =N42+44115.65-51489.13 -> 152177.36
A43: Langmoor | B43: Revised Forecast (£) | C43: 213054.12 | D43: 201698.46 | E43: 208621.47 | F43: 208638.39 | G43: 199040.48 | H43: 209531.47 | I43: 199008.35 | J43: =I25+115328.84-120991.9 -> 210454.22 | K43: =J43+116223.39-103972.65 -> 222704.96 | L43: =K43+106601.87-115189.23 -> 214117.6 | M43: =L43+106950.53-106575.07 -> 214493.06 | N43: =M43+143161.81-105350.47 -> 252304.4 | O43: =N43+94356.83-103824.32 -> 242836.91
A44: Little Hill | B44: Revised Forecast (£) | C44: 83575.48 | D44: 52963.55 | E44: 84763.26 | F44: 85571.78 | G44: 64199.14 | H44: 67718.73 | I44: 81348.14 | J44: =I26+212172.55-269480.46 -> 30936.87 | K44: =J44+221054.11-200086.21 -> 51904.77 | L44: =K44+221739.04-216280.07 -> 57363.74 | M44: =L44+196620.55-241009.19 -> 12975.1 | N44: =M44+285388.42-201395.91 -> 96967.61 | O44: =N44+170717.94-178345.17 -> 89340.38
A45: New Lubb | B45: Revised Forecast (£) | C45: 301734.35 | D45: 294708.14 | E45: 307831.45 | F45: 307221.4 | G45: 288986.94 | H45: 285047.19 | I45: 264850.12 | J45: =I27+240868.24-269381.61 -> 404060.58 | K45: =J45+223487.58-220737.85 -> 406810.31 | L45: =K45+220223.25-236875.93 -> 390157.63 | M45: =L45+226232.07-226756.01 -> 389633.69 | N45: =M45+304153.2-226090.98 -> 467695.91 | O45: =N45+241011.97-208275.78 -> 500432.1
A46: Newlands | B46: Revised Forecast (£) | C46: 298550.97 | D46: 281995.94 | E46: 308831.15 | F46: 332043.36 | G46: 204507.04 | H46: 145184 | I46: 160854.32 | J46: =I28+165691.91-182201.98 -> 141994.68 | K46: =J46+190783.61-189461.74 -> 143316.55 | L46: =K46+181877.44-160550.91 -> 164643.08 | M46: =L46+179343.84-168324.43 -> 175662.49 | N46: =M46+238969.48-167618.21 -> 247013.76 | O46: =N46+132966.14-148197.97 -> 231781.93
A47: Ravenhurst | B47: Revised Forecast (£) | C47: 225347.17 | D47: 259231.57 | E47: 259900.61 | F47: 307959.76 | G47: 199629.84 | H47: 74086.36 | I47: 102436.13 | J47: =I29+199310.01-213623.13 -> 65836.18 | K47: =J47+224473.29-206202.37 -> 84107.1 | L47: =K47+196457.77-203205.28 -> 77359.59 | M47: =L47+187852.39-192606.54 -> 72605.44 | N47: =M47+276655.26-191187.91 -> 158072.79 | O47: =N47+164351.02-185494.72 -> 136929.09
A48: OWLS | B48: Revised Forecast (£) | C48: 495046.09 | D48: 336807.33 | E48: 448797.43 | F48: 426388.3 | G48: 423343.21 | H48: 368424.85 | I48: 345719.7 | J48: 328808.29 | K48: 312137.25 | L48: 321938.22 | M48: =L48+59863.35-72187.86 -> 309613.71 | N48: =M48+60533.35-46370.74 -> 323776.32 | O48: =N48+9863.35-80683.44+42000 -> 294956.23
A49: TOTAL | B49: Revised Forecast (£) | C49: =SUM(C39:C48) -> 2207142.7 | D49: =SUM(D39:D48) -> 1939932.9 | E49: =SUM(E39:E48) -> 2108870.7 | F49: =SUM(F39:F48) -> 2182946 | G49: =SUM(G39:G48) -> 1840649.4 | H49: =SUM(H39:H48) -> 1596508.6 | I49: =SUM(I39:I48) -> 1563629.4 | J49: =SUM(J39:J48) -> 1672675 | ... O49: =SUM(O39:O48) -> 2221359.6
A51: No. Revised Forecasts completed | C51: =COUNT(C39:C48) -> 10 | D51: =COUNT(D39:D48) -> 10 | E51: =COUNT(E39:E48) -> 10 | F51: =COUNT(F39:F48) -> 10 | G51: =COUNT(G39:G48) -> 10 | H51: =COUNT(H39:H48) -> 10 | I51: =COUNT(I39:I48) -> 10 | J51: =COUNT(J39:J48) -> 10 | ... O51: =COUNT(O39:O48) -> 10

Sheet Charts
A1: 2025-26 Cashflow Forecast v Actual
J6: Combined | K6: Forecast | L6: Revised Forecast | M6: Actual | N6: Variance *
J8: P1 - Sep | K8: =Data!D14 -> 1939932.9 | L8: =Data!D49 -> 1939932.9 | M8: =Data!D32 -> 1976696.4 | N8: =IF(M8=0,"",IF(L8=0,M8-K8,M8-L8)) -> 36763.49
J9: P2 - Oct | K9: =Data!E14 -> 2108870.7 | L9: =Data!E49 -> 2108870.7 | M9: =Data!E32 -> 2523087 | N9: =IF(M9=0,"",IF(L9=0,M9-K9,M9-L9)) -> 414216.3
J10: P3 - Nov | K10: =Data!F14 -> 2182946 | L10: =Data!F49 -> 2182946 | M10: =Data!F32 -> 2502509.1 | N10: =IF(M10=0,"",IF(L10=0,M10-K10,M10-L10)) -> 319563.04
J11: P4 - Dec | K11: =Data!G14 -> 1840649.4 | L11: =Data!G49 -> 1840649.4 | M11: =Data!G32 -> 1972978.1 | N11: =IF(M11=0,"",IF(L11=0,M11-K11,M11-L11)) -> 132328.73
J12: P5 - Jan | K12: =Data!H14 -> 1596508.6 | L12: =Data!H49 -> 1596508.6 | M12: =Data!H32 -> 2040449.6 | N12: =IF(M12=0,"",IF(L12=0,M12-K12,M12-L12)) -> 443940.98
J13: P6 - Feb | K13: =Data!I14 -> 1563629.4 | L13: =Data!I49 -> 1563629.4 | M13: =Data!I32 -> 1998747.2 | N13: =IF(M13=0,"",IF(L13=0,M13-K13,M13-L13)) -> 435117.86
J14: P7 - Mar | K14: =Data!J14 -> 1352712.3 | L14: =Data!J49 -> 1672675 | M14: =Data!J32 -> 1495218.3 | N14: =IF(M14=0,"",IF(L14=0,M14-K14,M14-L14)) -> -177456.61
J15: P8 - Apr | K15: =Data!K14 -> 1367737.1 | L15: =Data!K49 -> 1721040.7 | M15: =Data!K32 -> 1592947.3 | N15: =IF(M15=0,"",IF(L15=0,M15-K15,M15-L15)) -> -128093.38
J16: P9 - May | K16: =Data!L14 -> 1469469.7 | L16: =Data!L49 -> 1793642 | M16: =Data!L32 -> 1708707.8 | N16: =IF(M16=0,"",IF(L16=0,M16-K16,M16-L16)) -> -84934.2
J17: P10 - June | K17: =Data!M14 -> 1298572.8 | L17: =Data!M49 -> 1703450.1 | M17: =Data!M32 -> 1639969.8 | N17: =IF(M17=0,"",IF(L17=0,M17-K17,M17-L17)) -> -63480.361
J18: P11 - July | K18: =Data!N14 -> 1893345.8 | L18: =Data!N49 -> 2314273.7 | M18: =Data!N32 -> 2094138.6 | N18: =IF(M18=0,"",IF(L18=0,M18-K18,M18-L18)) -> -220135.03
J19: P12 - Aug | K19: =Data!O14 -> 1838848.4 | L19: =Data!O49 -> 2221359.6 | M19: =Data!O32 -> 1777084.2 | N19: =IF(M19=0,"",IF(L19=0,M19-K19,M19-L19)) -> -444275.32
J21: * Variance calculated against most recent forecast
J28: OWLS | K28: Forecast | L28: Revised Forecast | M28: Actual | N28: Variance *
J30: P1 - Sep | K30: =Data!D13 -> 336807.33 | L30: =Data!D48 -> 336807.33 | M30: =Data!D30 -> 333754.89 | N30: =IF(M30=0,"",IF(L30=0,M30-K30,M30-L30)) -> -3052.44
J31: P2 - Oct | K31: =Data!E13 -> 448797.43 | L31: =Data!E48 -> 448797.43 | M31: =Data!E30 -> 463249.29 | N31: =IF(M31=0,"",IF(L31=0,M31-K31,M31-L31)) -> 14451.86
J32: P3 - Nov | K32: =Data!F13 -> 426388.3 | L32: =Data!F48 -> 426388.3 | M32: =Data!F30 -> 419530.8 | N32: =IF(M32=0,"",IF(L32=0,M32-K32,M32-L32)) -> -6857.5
J33: P4 - Dec | K33: =Data!G13 -> 423343.21 | L33: =Data!G48 -> 423343.21 | M33: =Data!G30 -> 427861.71 | N33: =IF(M33=0,"",IF(L33=0,M33-K33,M33-L33)) -> 4518.5
J34: P5 - Jan | K34: =Data!H13 -> 368424.85 | L34: =Data!H48 -> 368424.85 | M34: =Data!H30 -> 373992.26 | N34: =IF(M34=0,"",IF(L34=0,M34-K34,M34-L34)) -> 5567.41
J35: P6 - Feb | K35: =Data!I13 -> 345719.7 | L35: =Data!I48 -> 345719.7 | M35: =Data!I30 -> 404826.03 | N35: =IF(M35=0,"",IF(L35=0,M35-K35,M35-L35)) -> 59106.33
J36: P7 - Mar | K36: =Data!J13 -> 324071.26 | L36: =Data!J48 -> 328808.29 | M36: =Data!J30 -> 288438.97 | N36: =IF(M36=0,"",IF(L36=0,M36-K36,M36-L36)) -> -40369.32
J37: P8 - Apr | K37: =Data!K13 -> 298593.99 | L37: =Data!K48 -> 312137.25 | M37: =Data!K30 -> 268092.49 | N37: =IF(M37=0,"",IF(L37=0,M37-K37,M37-L37)) -> -44044.76
J38: P9 - May | K38: =Data!L13 -> 363843.96 | L38: =Data!L48 -> 321938.22 | M38: =Data!L30 -> 300724.45 | N38: =IF(M38=0,"",IF(L38=0,M38-K38,M38-L38)) -> -21213.77
J39: P10 - June | K39: =Data!M13 -> 306188.09 | L39: =Data!M48 -> 309613.71 | M39: =Data!M30 -> 298473.57 | N39: =IF(M39=0,"",IF(L39=0,M39-K39,M39-L39)) -> -11140.14
J40: P11 - July | K40: =Data!N13 -> 320651.29 | L40: =Data!N48 -> 323776.32 | M40: =Data!N30 -> 322634.85 | N40: =IF(M40=0,"",IF(L40=0,M40-K40,M40-L40)) -> -1141.47
J41: P12 - Aug | K41: =Data!O13 -> 337495.08 | L41: =Data!O48 -> 294956.23 | M41: =Data!O30 -> 374034.64 | N41: =IF(M41=0,"",IF(L41=0,M41-K41,M41-L41)) -> 79078.41
J43: * Variance calculated against most recent forecast
J50: Fernvale | K50: Forecast | L50: Revised Forecast | M50: Actual | N50: Variance *
J52: P1 - Sep | K52: =Data!D4 -> 125475.63 | L52: =Data!D39 -> 125475.63 | M52: =Data!D21 -> 142802.51 | N52: =IF(M52=0,"",IF(L52=0,M52-K52,M52-L52)) -> 17326.88
J53: P2 - Oct | K53: =Data!E4 -> 121412.18 | L53: =Data!E39 -> 121412.18 | M53: =Data!E21 -> 183941.09 | N53: =IF(M53=0,"",IF(L53=0,M53-K53,M53-L53)) -> 62528.91
J54: P3 - Nov | K54: =Data!F4 -> 129094.71 | L54: =Data!F39 -> 129094.71 | M54: =Data!F21 -> 207744.62 | N54: =IF(M54=0,"",IF(L54=0,M54-K54,M54-L54)) -> 78649.91
J55: P4 - Dec | K55: =Data!G4 -> 113820.09 | L55: =Data!G39 -> 113820.09 | M55: =Data!G21 -> 136583.07 | N55: =IF(M55=0,"",IF(L55=0,M55-K55,M55-L55)) -> 22762.98
J56: P5 - Jan | K56: =Data!H4 -> 113054.18 | L56: =Data!H39 -> 113054.18 | M56: =Data!H21 -> 152482.55 | N56: =IF(M56=0,"",IF(L56=0,M56-K56,M56-L56)) -> 39428.37
J57: P6 - Feb | K57: =Data!I4 -> 99061.96 | L57: =Data!I39 -> 99061.96 | M57: =Data!I21 -> 151064.13 | N57: =IF(M57=0,"",IF(L57=0,M57-K57,M57-L57)) -> 52002.17
J58: P7 - Mar | K58: =Data!J4 -> 81200.62 | L58: =Data!J39 -> 127208.43 | M58: =Data!J21 -> 84841.92 | N58: =IF(M58=0,"",IF(L58=0,M58-K58,M58-L58)) -> -42366.51
J59: P8 - Apr | K59: =Data!K4 -> 79262.51 | L59: =Data!K39 -> 123453.93 | M59: =Data!K21 -> 91434.56 | N59: =IF(M59=0,"",IF(L59=0,M59-K59,M59-L59)) -> -32019.37
J60: P9 - May | K60: =Data!L4 -> 90425.34 | L60: =Data!L39 -> 163571.6 | M60: =Data!L21 -> 73575.1 | N60: =IF(M60=0,"",IF(L60=0,M60-K60,M60-L60)) -> -89996.5
J61: P10 - June | K61: =Data!M4 -> 78374.92 | L61: =Data!M39 -> 146743.45 | M61: =Data!M21 -> 53668.399 | N61: =IF(M61=0,"",IF(L61=0,M61-K61,M61-L61)) -> -93075.051
J62: P11 - July | K62: =Data!N4 -> 145453.29 | L62: =Data!N39 -> 209021.11 | M62: =Data!N21 -> 129522.61 | N62: =IF(M62=0,"",IF(L62=0,M62-K62,M62-L62)) -> -79498.5
J63: P12 - Aug | K63: =Data!O4 -> 139931.58 | L63: =Data!O39 -> 201052.83 | M63: =Data!O21 -> 70014.11 | N63: =IF(M63=0,"",IF(L63=0,M63-K63,M63-L63)) -> -131038.72 | O63: Repayment of CIF Loan not in budget (£18,620.39)
J65: * Variance calculated against most recent forecast
J72: Glenmere | K72: Forecast | L72: Revised Forecast | M72: Actual | N72: Variance *
J74: P1 - Sep | K74: =Data!D5 -> 91045.05 | L74: =Data!D40 -> 91045.05 | M74: =Data!D22 -> 102458.82 | N74: =IF(M74=0,"",IF(L74=0,M74-K74,M74-L74)) -> 11413.77
J75: P2 - Oct | K75: =Data!E5 -> 96254.64 | L75: =Data!E40 -> 96254.64 | M75: =Data!E22 -> 108059.51 | N75: =IF(M75=0,"",IF(L75=0,M75-K75,M75-L75)) -> 11804.87
J76: P3 - Nov | K76: =Data!F5 -> 106863.01 | L76: =Data!F40 -> 106863.01 | M76: =Data!F22 -> 138014.71 | N76: =IF(M76=0,"",IF(L76=0,M76-K76,M76-L76)) -> 31151.7
J77: P4 - Dec | K77: =Data!G5 -> 96618.54 | L77: =Data!G40 -> 96618.54 | M77: =Data!G22 -> 101545.4 | N77: =IF(M77=0,"",IF(L77=0,M77-K77,M77-L77)) -> 4926.86
J78: P5 - Jan | K78: =Data!H5 -> 98509.56 | L78: =Data!H40 -> 98509.56 | M78: =Data!H22 -> 115340.51 | N78: =IF(M78=0,"",IF(L78=0,M78-K78,M78-L78)) -> 16830.95
J79: P6 - Feb | K79: =Data!I5 -> 89746.06 | L79: =Data!I40 -> 89746.06 | M79: =Data!I22 -> 112508.39 | N79: =IF(M79=0,"",IF(L79=0,M79-K79,M79-L79)) -> 22762.33
J80: P7 - Mar | K80: =Data!J5 -> 72295.27 | L80: =Data!J40 -> 94797.78 | M80: =Data!J22 -> 82473.67 | N80: =IF(M80=0,"",IF(L80=0,M80-K80,M80-L80)) -> -12324.11
J81: P8 - Apr | K81: =Data!K5 -> 68495.66 | L81: =Data!K40 -> 89501.5 | M81: =Data!K22 -> 82617.6 | N81: =IF(M81=0,"",IF(L81=0,M81-K81,M81-L81)) -> -6883.9
J82: P9 - May | K82: =Data!L5 -> 83769.53 | L82: =Data!L40 -> 104547.95 | M82: =Data!L22 -> 98766.06 | N82: =IF(M82=0,"",IF(L82=0,M82-K82,M82-L82)) -> -5781.89
J83: P10 - June | K83: =Data!M5 -> 78672.66 | L83: =Data!M40 -> 99806.81 | M83: =Data!M22 -> 83855.32 | N83: =IF(M83=0,"",IF(L83=0,M83-K83,M83-L83)) -> -15951.49
J84: P11 - July | K84: =Data!N5 -> 120193.52 | L84: =Data!N40 -> 140684.49 | M84: =Data!N22 -> 116239.61 | N84: =IF(M84=0,"",IF(L84=0,M84-K84,M84-L84)) -> -24444.88
J85: P12 - Aug | K85: =Data!O5 -> 110068.59 | L85: =Data!O40 -> 128103.87 | M85: =Data!O22 -> 88324.56 | N85: =IF(M85=0,"",IF(L85=0,M85-K85,M85-L85)) -> -39779.31 | O85: Repayment of CIF Loan not in budget (£18,413.02)
J87: * Variance calculated against most recent forecast
J94: HP | K94: Forecast | L94: Revised Forecast | M94: Actual | N94: Variance
J96: P1 - Sep | K96: =Data!D6 -> 190542.4 | L96: =Data!D41 -> 190542.4 | M96: =Data!D23 -> 209540.64 | N96: =IF(M96=0,"",IF(L96=0,M96-K96,M96-L96)) -> 18998.24
J97: P2 - Oct | K97: =Data!E6 -> 169645.02 | L97: =Data!E41 -> 169645.02 | M97: =Data!E23 -> 286235.66 | N97: =IF(M97=0,"",IF(L97=0,M97-K97,M97-L97)) -> 116590.64
J98: P3 - Nov | K98: =Data!F6 -> 174259.02 | L98: =Data!F41 -> 174259.02 | M98: =Data!F23 -> 227845.42 | N98: =IF(M98=0,"",IF(L98=0,M98-K98,M98-L98)) -> 53586.4
J99: P4 - Dec | K99: =Data!G6 -> 151363.64 | L99: =Data!G41 -> 151363.64 | M99: =Data!G23 -> 202070.48 | N99: =IF(M99=0,"",IF(L99=0,M99-K99,M99-L99)) -> 50706.84
J100: P5 - Jan | K100: =Data!H6 -> 138011.12 | L100: =Data!H41 -> 138011.12 | M100: =Data!H23 -> 208728.86 | N100: =IF(M100=0,"",IF(L100=0,M100-K100,M100-L100)) -> 70717.74
J101: P6 - Feb | K101: =Data!I6 -> 113666.18 | L101: =Data!I41 -> 113666.18 | M101: =Data!I23 -> 175307.76 | N101: =IF(M101=0,"",IF(L101=0,M101-K101,M101-L101)) -> 61641.58
J102: P7 - Mar | K102: =Data!J6 -> 82126.07 | L102: =Data!J41 -> 134152.57 | M102: =Data!J23 -> 106929.32 | N102: =IF(M102=0,"",IF(L102=0,M102-K102,M102-L102)) -> -27223.25
J103: P8 - Apr | K103: =Data!K6 -> 108515.81 | L103: =Data!K41 -> 158673.72 | M103: =Data!K23 -> 98854.17 | N103: =IF(M103=0,"",IF(L103=0,M103-K103,M103-L103)) -> -59819.55
J104: P9 - May | K104: =Data!L6 -> 116963.57 | L104: =Data!L41 -> 162050.63 | M104: =Data!L23 -> 159664.21 | N104: =IF(M104=0,"",IF(L104=0,M104-K104,M104-L104)) -> -2386.42
J105: P10 - June | K105: =Data!M6 -> 109069.07 | L105: =Data!M41 -> 159886.32 | M105: =Data!M23 -> 120983.52 | N105: =IF(M105=0,"",IF(L105=0,M105-K105,M105-L105)) -> -38902.8
J106: P11 - July | K106: =Data!N6 -> 208353.11 | L106: =Data!N41 -> 259186.43 | M106: =Data!N23 -> 233590.44 | N106: =IF(M106=0,"",IF(L106=0,M106-K106,M106-L106)) -> -25595.99
J107: P12 - Aug | K107: =Data!O6 -> 195435.38 | L107: =Data!O41 -> 243748.87 | M107: =Data!O23 -> 174140.54 | N107: =IF(M107=0,"",IF(L107=0,M107-K107,M107-L107)) -> -69608.33
J109: * Variance calculated against most recent forecast
J116: Hollycroft | K116: Forecast | L116: Revised Forecast | M116: Actual | N116: Variance *
J118: P1 - Sep | K118: =Data!D7 -> 105464.82 | L118: =Data!D42 -> 105464.82 | M118: =Data!D24 -> 120282.14 | N118: =IF(M118=0,"",IF(L118=0,M118-K118,M118-L118)) -> 14817.32
J119: P2 - Oct | K119: =Data!E7 -> 102813.5 | L119: =Data!E42 -> 102813.5 | M119: =Data!E24 -> 112184.85 | N119: =IF(M119=0,"",IF(L119=0,M119-K119,M119-L119)) -> 9371.35
J120: P3 - Nov | K120: =Data!F7 -> 104906.29 | L120: =Data!F42 -> 104906.29 | M120: =Data!F24 -> 115726.73 | N120: =IF(M120=0,"",IF(L120=0,M120-K120,M120-L120)) -> 10820.44
J121: P4 - Dec | K121: =Data!G7 -> 99140.45 | L121: =Data!G42 -> 99140.45 | M121: =Data!G24 -> 117926.54 | N121: =IF(M121=0,"",IF(L121=0,M121-K121,M121-L121)) -> 18786.09
J122: P5 - Jan | K122: =Data!H7 -> 96941.11 | L122: =Data!H42 -> 96941.11 | M122: =Data!H24 -> 129059.9 | N122: =IF(M122=0,"",IF(L122=0,M122-K122,M122-L122)) -> 32118.79
J123: P6 - Feb | K123: =Data!I7 -> 106938.42 | L123: =Data!I42 -> 106938.42 | M123: =Data!I24 -> 133541.26 | N123: =IF(M123=0,"",IF(L123=0,M123-K123,M123-L123)) -> 26602.84
J124: P7 - Mar | K124: =Data!J7 -> 107823.49 | L124: =Data!J42 -> 134425.36 | M124: =Data!J24 -> 128833.8 | N124: =IF(M124=0,"",IF(L124=0,M124-K124,M124-L124)) -> -5591.56
J125: P8 - Apr | K125: =Data!K7 -> 101914.57 | L125: =Data!K42 -> 128430.58 | M125: =Data!K24 -> 181839.17 | N125: =IF(M125=0,"",IF(L125=0,M125-K125,M125-L125)) -> 53408.59
J126: P9 - May | K126: =Data!L7 -> 111461.85 | L126: =Data!L42 -> 137892 | M126: =Data!L24 -> 168751.38 | N126: =IF(M126=0,"",IF(L126=0,M126-K126,M126-L126)) -> 30859.38
J127: P10 - June | K127: =Data!M7 -> 95685.78 | L127: =Data!M42 -> 122030.07 | M127: =Data!M24 -> 185664.49 | N127: =IF(M127=0,"",IF(L127=0,M127-K127,M127-L127)) -> 63634.42
J128: P11 - July | K128: =Data!N7 -> 133292.4 | L128: =Data!N42 -> 159550.84 | M128: =Data!N24 -> 179726.67 | N128: =IF(M128=0,"",IF(L128=0,M128-K128,M128-L128)) -> 20175.83
J129: P12 - Aug | K129: =Data!O7 -> 126007.08 | L129: =Data!O42 -> 152177.36 | M129: =Data!O24 -> 169822.11 | N129: =IF(M129=0,"",IF(L129=0,M129-K129,M129-L129)) -> 17644.75
J131: * Variance calculated against most recent forecast
J138: Langmoor | K138: Forecast | L138: Revised Forecast | M138: Actual | N138: Variance *
J140: P1 - Sep | K140: =Data!D8 -> 201698.46 | L140: =Data!D43 -> 201698.46 | M140: =Data!D25 -> 211082.39 | N140: =IF(M140=0,"",IF(L140=0,M140-K140,M140-L140)) -> 9383.93
J141: P2 - Oct | K141: =Data!E8 -> 208621.47 | L141: =Data!E43 -> 208621.47 | M141: =Data!E25 -> 239412.94 | N141: =IF(M141=0,"",IF(L141=0,M141-K141,M141-L141)) -> 30791.47
J142: P3 - Nov | K142: =Data!F8 -> 208638.39 | L142: =Data!F43 -> 208638.39 | M142: =Data!F25 -> 227873.2 | N142: =IF(M142=0,"",IF(L142=0,M142-K142,M142-L142)) -> 19234.81
J143: P4 - Dec | K143: =Data!G8 -> 199040.48 | L143: =Data!G43 -> 199040.48 | M143: =Data!G25 -> 217067.81 | N143: =IF(M143=0,"",IF(L143=0,M143-K143,M143-L143)) -> 18027.33
J144: P5 - Jan | K144: =Data!H8 -> 209531.47 | L144: =Data!H43 -> 209531.47 | M144: =Data!H25 -> 224766.64 | N144: =IF(M144=0,"",IF(L144=0,M144-K144,M144-L144)) -> 15235.17
J145: P6 - Feb | K145: =Data!I8 -> 199008.35 | L145: =Data!I43 -> 199008.35 | M145: =Data!I25 -> 216117.28 | N145: =IF(M145=0,"",IF(L145=0,M145-K145,M145-L145)) -> 17108.93
J146: P7 - Mar | K146: =Data!J8 -> 181756.29 | L146: =Data!J43 -> 210454.22 | M146: =Data!J25 -> 186037 | N146: =IF(M146=0,"",IF(L146=0,M146-K146,M146-L146)) -> -24417.22
J147: P8 - Apr | K147: =Data!K8 -> 189260.95 | L147: =Data!K43 -> 222704.96 | M147: =Data!K25 -> 190512.16 | N147: =IF(M147=0,"",IF(L147=0,M147-K147,M147-L147)) -> -32192.8
J148: P9 - May | K148: =Data!L8 -> 191007.6 | L148: =Data!L43 -> 214117.6 | M148: =Data!L25 -> 216763.57 | N148: =IF(M148=0,"",IF(L148=0,M148-K148,M148-L148)) -> 2645.97
J149: P10 - June | K149: =Data!M8 -> 186538.82 | L149: =Data!M43 -> 214493.06 | M149: =Data!M25 -> 209406.92 | N149: =IF(M149=0,"",IF(L149=0,M149-K149,M149-L149)) -> -5086.14
J150: P11 - July | K150: =Data!N8 -> 224911.99 | L150: =Data!N43 -> 252304.4 | M150: =Data!N25 -> 250100.6 | N150: =IF(M150=0,"",IF(L150=0,M150-K150,M150-L150)) -> -2203.8
J151: P12 - Aug | K151: =Data!O8 -> 211465.41 | L151: =Data!O43 -> 242836.91 | M151: =Data!O25 -> 239449.31 | N151: =IF(M151=0,"",IF(L151=0,M151-K151,M151-L151)) -> -3387.6
J153: * Variance calculated against most recent forecast
J160: LH | K160: Forecast | L160: Revised Forecast | M160: Actual | N160: Variance *
...

Sheet Charts for individual print
A1: 2025-26 Cashflow Forecast v Actual
J6: Combined | K6: Forecast | L6: Revised Forecast | M6: Actual | N6: Variance *
J8: P1 - Sep | K8: =Data!D14 -> 1939932.9 | L8: =Data!D49 -> 1939932.9 | M8: =Data!D32 -> 1976696.4 | N8: =IF(M8=0,"",IF(L8=0,M8-K8,M8-L8)) -> 36763.49
J9: P2 - Oct | K9: =Data!E14 -> 2108870.7 | L9: =Data!E49 -> 2108870.7 | M9: =Data!E32 -> 2523087 | N9: =IF(M9=0,"",IF(L9=0,M9-K9,M9-L9)) -> 414216.3
J10: P3 - Nov | K10: =Data!F14 -> 2182946 | L10: =Data!F49 -> 2182946 | M10: =Data!F32 -> 2502509.1 | N10: =IF(M10=0,"",IF(L10=0,M10-K10,M10-L10)) -> 319563.04
J11: P4 - Dec | K11: =Data!G14 -> 1840649.4 | L11: =Data!G49 -> 1840649.4 | M11: =Data!G32 -> 1972978.1 | N11: =IF(M11=0,"",IF(L11=0,M11-K11,M11-L11)) -> 132328.73
J12: P5 - Jan | K12: =Data!H14 -> 1596508.6 | L12: =Data!H49 -> 1596508.6 | M12: =Data!H32 -> 2040449.6 | N12: =IF(M12=0,"",IF(L12=0,M12-K12,M12-L12)) -> 443940.98
J13: P6 - Feb | K13: =Data!I14 -> 1563629.4 | L13: =Data!I49 -> 1563629.4 | M13: =Data!I32 -> 1998747.2 | N13: =IF(M13=0,"",IF(L13=0,M13-K13,M13-L13)) -> 435117.86
J14: P7 - Mar | K14: =Data!J14 -> 1352712.3 | L14: =Data!J49 -> 1672675 | M14: =Data!J32 -> 1495218.3 | N14: =IF(M14=0,"",IF(L14=0,M14-K14,M14-L14)) -> -177456.61
J15: P8 - Apr | K15: =Data!K14 -> 1367737.1 | L15: =Data!K49 -> 1721040.7 | M15: =Data!K32 -> 1592947.3 | N15: =IF(M15=0,"",IF(L15=0,M15-K15,M15-L15)) -> -128093.38
J16: P9 - May | K16: =Data!L14 -> 1469469.7 | L16: =Data!L49 -> 1793642 | M16: =Data!L32 -> 1708707.8 | N16: =IF(M16=0,"",IF(L16=0,M16-K16,M16-L16)) -> -84934.2
J17: P10 - June | K17: =Data!M14 -> 1298572.8 | L17: =Data!M49 -> 1703450.1 | M17: =Data!M32 -> 1639969.8 | N17: =IF(M17=0,"",IF(L17=0,M17-K17,M17-L17)) -> -63480.361
J18: P11 - July | K18: =Data!N14 -> 1893345.8 | L18: =Data!N49 -> 2314273.7 | M18: =Data!N32 -> 2094138.6 | N18: =IF(M18=0,"",IF(L18=0,M18-K18,M18-L18)) -> -220135.03
J19: P12 - Aug | K19: =Data!O14 -> 1838848.4 | L19: =Data!O49 -> 2221359.6 | M19: =Data!O32 -> 1777084.2 | N19: =IF(M19=0,"",IF(L19=0,M19-K19,M19-L19)) -> -444275.32
J21: * Variance calculated against most recent forecast
J28: OWLS | K28: Forecast | L28: Revised Forecast | M28: Actual | N28: Variance *
J30: P1 - Sep | K30: =Data!D13 -> 336807.33 | L30: =Data!D48 -> 336807.33 | M30: =Data!D31 -> 0 | N30: =IF(M30=0,"",IF(L30=0,M30-K30,M30-L30))
J31: P2 - Oct | K31: =Data!E13 -> 448797.43 | L31: =Data!E48 -> 448797.43 | M31: =Data!E31 -> 0 | N31: =IF(M31=0,"",IF(L31=0,M31-K31,M31-L31))
J32: P3 - Nov | K32: =Data!F13 -> 426388.3 | L32: =Data!F48 -> 426388.3 | M32: =Data!F31 -> 52076.06 | N32: =IF(M32=0,"",IF(L32=0,M32-K32,M32-L32)) -> -374312.24
J33: P4 - Dec | K33: =Data!G13 -> 423343.21 | L33: =Data!G48 -> 423343.21 | M33: =Data!G31 -> 48087.85 | N33: =IF(M33=0,"",IF(L33=0,M33-K33,M33-L33)) -> -375255.36
J34: P5 - Jan | K34: =Data!H13 -> 368424.85 | L34: =Data!H48 -> 368424.85 | M34: =Data!H31 -> 48112.86 | N34: =IF(M34=0,"",IF(L34=0,M34-K34,M34-L34)) -> -320311.99
J35: P6 - Feb | K35: =Data!I13 -> 345719.7 | L35: =Data!I48 -> 345719.7 | M35: =Data!I31 -> 45909.61 | N35: =IF(M35=0,"",IF(L35=0,M35-K35,M35-L35)) -> -299810.09
J36: P7 - Mar | K36: =Data!J13 -> 324071.26 | L36: =Data!J48 -> 328808.29 | M36: =Data!J31 -> 36527.72 | N36: =IF(M36=0,"",IF(L36=0,M36-K36,M36-L36)) -> -292280.57
J37: P8 - Apr | K37: =Data!K13 -> 298593.99 | L37: =Data!K48 -> 312137.25 | M37: =Data!K31 -> 36543.23 | N37: =IF(M37=0,"",IF(L37=0,M37-K37,M37-L37)) -> -275594.02
J38: P9 - May | K38: =Data!L13 -> 363843.96 | L38: =Data!L48 -> 321938.22 | M38: =Data!L31 -> 36244.28 | N38: =IF(M38=0,"",IF(L38=0,M38-K38,M38-L38)) -> -285693.94
J39: P10 - June | K39: =Data!M13 -> 306188.09 | L39: =Data!M48 -> 309613.71 | M39: =Data!M31 -> 24608.52 | N39: =IF(M39=0,"",IF(L39=0,M39-K39,M39-L39)) -> -285005.19
J40: P11 - July | K40: =Data!N13 -> 320651.29 | L40: =Data!N48 -> 323776.32 | M40: =Data!N31 -> 24618.63 | N40: =IF(M40=0,"",IF(L40=0,M40-K40,M40-L40)) -> -299157.69
J41: P12 - Aug | K41: =Data!O13 -> 337495.08 | L41: =Data!O48 -> 294956.23 | M41: =Data!O31 -> 379.42 | N41: =IF(M41=0,"",IF(L41=0,M41-K41,M41-L41)) -> -294576.81
J43: * Variance calculated against most recent forecast
J50: Fernvale | K50: Forecast | L50: Revised Forecast | M50: Actual | N50: Variance *
J52: P1 - Sep | K52: =Data!D4 -> 125475.63 | L52: =Data!D39 -> 125475.63 | M52: =Data!D21 -> 142802.51 | N52: =IF(M52=0,"",IF(L52=0,M52-K52,M52-L52)) -> 17326.88
J53: P2 - Oct | K53: =Data!E4 -> 121412.18 | L53: =Data!E39 -> 121412.18 | M53: =Data!E21 -> 183941.09 | N53: =IF(M53=0,"",IF(L53=0,M53-K53,M53-L53)) -> 62528.91
J54: P3 - Nov | K54: =Data!F4 -> 129094.71 | L54: =Data!F39 -> 129094.71 | M54: =Data!F21 -> 207744.62 | N54: =IF(M54=0,"",IF(L54=0,M54-K54,M54-L54)) -> 78649.91
J55: P4 - Dec | K55: =Data!G4 -> 113820.09 | L55: =Data!G39 -> 113820.09 | M55: =Data!G21 -> 136583.07 | N55: =IF(M55=0,"",IF(L55=0,M55-K55,M55-L55)) -> 22762.98
J56: P5 - Jan | K56: =Data!H4 -> 113054.18 | L56: =Data!H39 -> 113054.18 | M56: =Data!H21 -> 152482.55 | N56: =IF(M56=0,"",IF(L56=0,M56-K56,M56-L56)) -> 39428.37
J57: P6 - Feb | K57: =Data!I4 -> 99061.96 | L57: =Data!I39 -> 99061.96 | M57: =Data!I21 -> 151064.13 | N57: =IF(M57=0,"",IF(L57=0,M57-K57,M57-L57)) -> 52002.17
J58: P7 - Mar | K58: =Data!J4 -> 81200.62 | L58: =Data!J39 -> 127208.43 | M58: =Data!J21 -> 84841.92 | N58: =IF(M58=0,"",IF(L58=0,M58-K58,M58-L58)) -> -42366.51
J59: P8 - Apr | K59: =Data!K4 -> 79262.51 | L59: =Data!K39 -> 123453.93 | M59: =Data!K21 -> 91434.56 | N59: =IF(M59=0,"",IF(L59=0,M59-K59,M59-L59)) -> -32019.37
J60: P9 - May | K60: =Data!L4 -> 90425.34 | L60: =Data!L39 -> 163571.6 | M60: =Data!L21 -> 73575.1 | N60: =IF(M60=0,"",IF(L60=0,M60-K60,M60-L60)) -> -89996.5
J61: P10 - June | K61: =Data!M4 -> 78374.92 | L61: =Data!M39 -> 146743.45 | M61: =Data!M21 -> 53668.399 | N61: =IF(M61=0,"",IF(L61=0,M61-K61,M61-L61)) -> -93075.051
J62: P11 - July | K62: =Data!N4 -> 145453.29 | L62: =Data!N39 -> 209021.11 | M62: =Data!N21 -> 129522.61 | N62: =IF(M62=0,"",IF(L62=0,M62-K62,M62-L62)) -> -79498.5
J63: P12 - Aug | K63: =Data!O4 -> 139931.58 | L63: =Data!O39 -> 201052.83 | M63: =Data!O21 -> 70014.11 | N63: =IF(M63=0,"",IF(L63=0,M63-K63,M63-L63)) -> -131038.72
J65: * Variance calculated against most recent forecast
J72: Glenmere | K72: Forecast | L72: Revised Forecast | M72: Actual | N72: Variance *
J74: P1 - Sep | K74: =Data!D5 -> 91045.05 | L74: =Data!D40 -> 91045.05 | M74: =Data!D22 -> 102458.82 | N74: =IF(M74=0,"",IF(L74=0,M74-K74,M74-L74)) -> 11413.77
J75: P2 - Oct | K75: =Data!E5 -> 96254.64 | L75: =Data!E40 -> 96254.64 | M75: =Data!E22 -> 108059.51 | N75: =IF(M75=0,"",IF(L75=0,M75-K75,M75-L75)) -> 11804.87
J76: P3 - Nov | K76: =Data!F5 -> 106863.01 | L76: =Data!F40 -> 106863.01 | M76: =Data!F22 -> 138014.71 | N76: =IF(M76=0,"",IF(L76=0,M76-K76,M76-L76)) -> 31151.7
J77: P4 - Dec | K77: =Data!G5 -> 96618.54 | L77: =Data!G40 -> 96618.54 | M77: =Data!G22 -> 101545.4 | N77: =IF(M77=0,"",IF(L77=0,M77-K77,M77-L77)) -> 4926.86
J78: P5 - Jan | K78: =Data!H5 -> 98509.56 | L78: =Data!H40 -> 98509.56 | M78: =Data!H22 -> 115340.51 | N78: =IF(M78=0,"",IF(L78=0,M78-K78,M78-L78)) -> 16830.95
J79: P6 - Feb | K79: =Data!I5 -> 89746.06 | L79: =Data!I40 -> 89746.06 | M79: =Data!I22 -> 112508.39 | N79: =IF(M79=0,"",IF(L79=0,M79-K79,M79-L79)) -> 22762.33
J80: P7 - Mar | K80: =Data!J5 -> 72295.27 | L80: =Data!J40 -> 94797.78 | M80: =Data!J22 -> 82473.67 | N80: =IF(M80=0,"",IF(L80=0,M80-K80,M80-L80)) -> -12324.11
J81: P8 - Apr | K81: =Data!K5 -> 68495.66 | L81: =Data!K40 -> 89501.5 | M81: =Data!K22 -> 82617.6 | N81: =IF(M81=0,"",IF(L81=0,M81-K81,M81-L81)) -> -6883.9
J82: P9 - May | K82: =Data!L5 -> 83769.53 | L82: =Data!L40 -> 104547.95 | M82: =Data!L22 -> 98766.06 | N82: =IF(M82=0,"",IF(L82=0,M82-K82,M82-L82)) -> -5781.89
J83: P10 - June | K83: =Data!M5 -> 78672.66 | L83: =Data!M40 -> 99806.81 | M83: =Data!M22 -> 83855.32 | N83: =IF(M83=0,"",IF(L83=0,M83-K83,M83-L83)) -> -15951.49
J84: P11 - July | K84: =Data!N5 -> 120193.52 | L84: =Data!N40 -> 140684.49 | M84: =Data!N22 -> 116239.61 | N84: =IF(M84=0,"",IF(L84=0,M84-K84,M84-L84)) -> -24444.88
J85: P12 - Aug | K85: =Data!O5 -> 110068.59 | L85: =Data!O40 -> 128103.87 | M85: =Data!O22 -> 88324.56 | N85: =IF(M85=0,"",IF(L85=0,M85-K85,M85-L85)) -> -39779.31
J87: * Variance calculated against most recent forecast
J94: HP | K94: Forecast | L94: Revised Forecast | M94: Actual | N94: Variance
J96: P1 - Sep | K96: =Data!D6 -> 190542.4 | L96: =Data!D41 -> 190542.4 | M96: =Data!D23 -> 209540.64 | N96: =IF(M96=0,"",IF(L96=0,M96-K96,M96-L96)) -> 18998.24
J97: P2 - Oct | K97: =Data!E6 -> 169645.02 | L97: =Data!E41 -> 169645.02 | M97: =Data!E23 -> 286235.66 | N97: =IF(M97=0,"",IF(L97=0,M97-K97,M97-L97)) -> 116590.64
J98: P3 - Nov | K98: =Data!F6 -> 174259.02 | L98: =Data!F41 -> 174259.02 | M98: =Data!F23 -> 227845.42 | N98: =IF(M98=0,"",IF(L98=0,M98-K98,M98-L98)) -> 53586.4
J99: P4 - Dec | K99: =Data!G6 -> 151363.64 | L99: =Data!G41 -> 151363.64 | M99: =Data!G23 -> 202070.48 | N99: =IF(M99=0,"",IF(L99=0,M99-K99,M99-L99)) -> 50706.84
J100: P5 - Jan | K100: =Data!H6 -> 138011.12 | L100: =Data!H41 -> 138011.12 | M100: =Data!H23 -> 208728.86 | N100: =IF(M100=0,"",IF(L100=0,M100-K100,M100-L100)) -> 70717.74
J101: P6 - Feb | K101: =Data!I6 -> 113666.18 | L101: =Data!I41 -> 113666.18 | M101: =Data!I23 -> 175307.76 | N101: =IF(M101=0,"",IF(L101=0,M101-K101,M101-L101)) -> 61641.58
J102: P7 - Mar | K102: =Data!J6 -> 82126.07 | L102: =Data!J41 -> 134152.57 | M102: =Data!J23 -> 106929.32 | N102: =IF(M102=0,"",IF(L102=0,M102-K102,M102-L102)) -> -27223.25
J103: P8 - Apr | K103: =Data!K6 -> 108515.81 | L103: =Data!K41 -> 158673.72 | M103: =Data!K23 -> 98854.17 | N103: =IF(M103=0,"",IF(L103=0,M103-K103,M103-L103)) -> -59819.55
J104: P9 - May | K104: =Data!L6 -> 116963.57 | L104: =Data!L41 -> 162050.63 | M104: =Data!L23 -> 159664.21 | N104: =IF(M104=0,"",IF(L104=0,M104-K104,M104-L104)) -> -2386.42
J105: P10 - June | K105: =Data!M6 -> 109069.07 | L105: =Data!M41 -> 159886.32 | M105: =Data!M23 -> 120983.52 | N105: =IF(M105=0,"",IF(L105=0,M105-K105,M105-L105)) -> -38902.8
J106: P11 - July | K106: =Data!N6 -> 208353.11 | L106: =Data!N41 -> 259186.43 | M106: =Data!N23 -> 233590.44 | N106: =IF(M106=0,"",IF(L106=0,M106-K106,M106-L106)) -> -25595.99
J107: P12 - Aug | K107: =Data!O6 -> 195435.38 | L107: =Data!O41 -> 243748.87 | M107: =Data!O23 -> 174140.54 | N107: =IF(M107=0,"",IF(L107=0,M107-K107,M107-L107)) -> -69608.33
J109: * Variance calculated against most recent forecast
J116: Hollycroft | K116: Forecast | L116: Revised Forecast | M116: Actual | N116: Variance *
J118: P1 - Sep | K118: =Data!D7 -> 105464.82 | L118: =Data!D42 -> 105464.82 | M118: =Data!D24 -> 120282.14 | N118: =IF(M118=0,"",IF(L118=0,M118-K118,M118-L118)) -> 14817.32
J119: P2 - Oct | K119: =Data!E7 -> 102813.5 | L119: =Data!E42 -> 102813.5 | M119: =Data!E24 -> 112184.85 | N119: =IF(M119=0,"",IF(L119=0,M119-K119,M119-L119)) -> 9371.35
J120: P3 - Nov | K120: =Data!F7 -> 104906.29 | L120: =Data!F42 -> 104906.29 | M120: =Data!F24 -> 115726.73 | N120: =IF(M120=0,"",IF(L120=0,M120-K120,M120-L120)) -> 10820.44
J121: P4 - Dec | K121: =Data!G7 -> 99140.45 | L121: =Data!G42 -> 99140.45 | M121: =Data!G24 -> 117926.54 | N121: =IF(M121=0,"",IF(L121=0,M121-K121,M121-L121)) -> 18786.09
J122: P5 - Jan | K122: =Data!H7 -> 96941.11 | L122: =Data!H42 -> 96941.11 | M122: =Data!H24 -> 129059.9 | N122: =IF(M122=0,"",IF(L122=0,M122-K122,M122-L122)) -> 32118.79
J123: P6 - Feb | K123: =Data!I7 -> 106938.42 | L123: =Data!I42 -> 106938.42 | M123: =Data!I24 -> 133541.26 | N123: =IF(M123=0,"",IF(L123=0,M123-K123,M123-L123)) -> 26602.84
J124: P7 - Mar | K124: =Data!J7 -> 107823.49 | L124: =Data!J42 -> 134425.36 | M124: =Data!J24 -> 128833.8 | N124: =IF(M124=0,"",IF(L124=0,M124-K124,M124-L124)) -> -5591.56
J125: P8 - Apr | K125: =Data!K7 -> 101914.57 | L125: =Data!K42 -> 128430.58 | M125: =Data!K24 -> 181839.17 | N125: =IF(M125=0,"",IF(L125=0,M125-K125,M125-L125)) -> 53408.59
J126: P9 - May | K126: =Data!L7 -> 111461.85 | L126: =Data!L42 -> 137892 | M126: =Data!L24 -> 168751.38 | N126: =IF(M126=0,"",IF(L126=0,M126-K126,M126-L126)) -> 30859.38
J127: P10 - June | K127: =Data!M7 -> 95685.78 | L127: =Data!M42 -> 122030.07 | M127: =Data!M24 -> 185664.49 | N127: =IF(M127=0,"",IF(L127=0,M127-K127,M127-L127)) -> 63634.42
J128: P11 - July | K128: =Data!N7 -> 133292.4 | L128: =Data!N42 -> 159550.84 | M128: =Data!N24 -> 179726.67 | N128: =IF(M128=0,"",IF(L128=0,M128-K128,M128-L128)) -> 20175.83
J129: P12 - Aug | K129: =Data!O7 -> 126007.08 | L129: =Data!O42 -> 152177.36 | M129: =Data!O24 -> 169822.11 | N129: =IF(M129=0,"",IF(L129=0,M129-K129,M129-L129)) -> 17644.75
J131: * Variance calculated against most recent forecast
J138: Langmoor | K138: Forecast | L138: Revised Forecast | M138: Actual | N138: Variance *
J140: P1 - Sep | K140: =Data!D8 -> 201698.46 | L140: =Data!D43 -> 201698.46 | M140: =Data!D25 -> 211082.39 | N140: =IF(M140=0,"",IF(L140=0,M140-K140,M140-L140)) -> 9383.93
J141: P2 - Oct | K141: =Data!E8 -> 208621.47 | L141: =Data!E43 -> 208621.47 | M141: =Data!E25 -> 239412.94 | N141: =IF(M141=0,"",IF(L141=0,M141-K141,M141-L141)) -> 30791.47
J142: P3 - Nov | K142: =Data!F8 -> 208638.39 | L142: =Data!F43 -> 208638.39 | M142: =Data!F25 -> 227873.2 | N142: =IF(M142=0,"",IF(L142=0,M142-K142,M142-L142)) -> 19234.81
J143: P4 - Dec | K143: =Data!G8 -> 199040.48 | L143: =Data!G43 -> 199040.48 | M143: =Data!G25 -> 217067.81 | N143: =IF(M143=0,"",IF(L143=0,M143-K143,M143-L143)) -> 18027.33
J144: P5 - Jan | K144: =Data!H8 -> 209531.47 | L144: =Data!H43 -> 209531.47 | M144: =Data!H25 -> 224766.64 | N144: =IF(M144=0,"",IF(L144=0,M144-K144,M144-L144)) -> 15235.17
J145: P6 - Feb | K145: =Data!I8 -> 199008.35 | L145: =Data!I43 -> 199008.35 | M145: =Data!I25 -> 216117.28 | N145: =IF(M145=0,"",IF(L145=0,M145-K145,M145-L145)) -> 17108.93
J146: P7 - Mar | K146: =Data!J8 -> 181756.29 | L146: =Data!J43 -> 210454.22 | M146: =Data!J25 -> 186037 | N146: =IF(M146=0,"",IF(L146=0,M146-K146,M146-L146)) -> -24417.22
J147: P8 - Apr | K147: =Data!K8 -> 189260.95 | L147: =Data!K43 -> 222704.96 | M147: =Data!K25 -> 190512.16 | N147: =IF(M147=0,"",IF(L147=0,M147-K147,M147-L147)) -> -32192.8
J148: P9 - May | K148: =Data!L8 -> 191007.6 | L148: =Data!L43 -> 214117.6 | M148: =Data!L25 -> 216763.57 | N148: =IF(M148=0,"",IF(L148=0,M148-K148,M148-L148)) -> 2645.97
J149: P10 - June | K149: =Data!M8 -> 186538.82 | L149: =Data!M43 -> 214493.06 | M149: =Data!M25 -> 209406.92 | N149: =IF(M149=0,"",IF(L149=0,M149-K149,M149-L149)) -> -5086.14
J150: P11 - July | K150: =Data!N8 -> 224911.99 | L150: =Data!N43 -> 252304.4 | M150: =Data!N25 -> 250100.6 | N150: =IF(M150=0,"",IF(L150=0,M150-K150,M150-L150)) -> -2203.8
J151: P12 - Aug | K151: =Data!O8 -> 211465.41 | L151: =Data!O43 -> 242836.91 | M151: =Data!O25 -> 239449.31 | N151: =IF(M151=0,"",IF(L151=0,M151-K151,M151-L151)) -> -3387.6
J153: * Variance calculated against most recent forecast
J160: LH | K160: Forecast | L160: Revised Forecast | M160: Actual | N160: Variance *
...
